 Dungeon Crawl Stone Soup version 0.30.0-20-g3615ddf2f0 (webtiles) character file.

Game seed: 7580339540468264668

215 qw the Chopper (level 5, -8/32 HPs)
             Began as a Gargoyle Fighter on May 27, 2023.
             Mangled by an ogre
             ... wielding a +0 giant spiked club
              (20 damage)
             ... on level 4 of the Dungeon.
             The game lasted 00:01:28 (2538 turns).

qw the Chopper (Gargoyle Fighter)                   Turns: 2538, Time: 00:01:29

Health: -8/32      AC: 13    Str: 22    XL:     5   Next: 92%
Magic:  5/5        EV:  8    Int:  8    God:
Gold:   166        SH:  4    Dex:  9    Spells: 4/4 levels left

rFire   . . .        Y - +1 war axe
rCold   . . .        c - +0 buckler
rNeg    + . .        h - +0 chain mail
rPois   inf          (no helmet)
rElec   +            (no cloak)
rCorr   .            (no gloves)
SInv    .            (no boots)
Will    .....        (no amulet) Stlth
                     (no ring)
HPRegen 0.25/turn    (no ring)
MPRegen 0.09/turn

%: no passive effects
@: no status effects
A: sickness immunity, AC +4, negative energy resistance 1, electricity
resistance, torment resistance 1, petrification resistance
a: no special abilities


You were on level 4 of the Dungeon.
You visited 1 branch of the dungeon, and saw 4 of its levels.

You collected 166 gold pieces.


Innate Abilities, Weirdness & Mutations

You are immune to sickness and miasma.
Your stone body is resilient. (AC +4)
You are immune to poison.
You resist negative energy. (rN+)
You are resistant to electric shocks. (rElec)
You are resistant to unholy torment.
You are immune to petrification.


   Skills:
 + Level 3.4 Fighting
 - Level 5.3 Axes
 - Level 3.2 Armour
 - Level 3.2 Shields


You had 4 spell levels left.
You didn't know any spells.
Your spell library was empty.

Inventory:

Hand Weapons
 l - a +0 whip
 Y - a +1 war axe (weapon)
Armour
 c - a +0 buckler (worn)
 h - a +0 chain mail (worn)
Jewellery
 k - an amulet of magic regeneration
Scrolls
 a - 2 scrolls of teleportation
 b - a scroll of immolation {unknown}
 g - a scroll of identify
 m - a scroll of summoning {unknown}
Potions
 d - a potion of might
 e - a potion of cancellation {unknown}
 f - a potion of haste {unknown}
 i - 2 potions of curing
 j - a potion of flight {unknown}

Dungeon Overview and Level Annotations

Branches:
Dungeon (4/15)
 Temple: D:4-7

Altars:


Message History

The orc hits you but does no damage. x2
You hit the orc but do no damage. The orc hits you with a +0 trident.
You closely miss the orc. The orc hits you but does no damage.
You hit the orc but do no damage. The orc hits you but does no damage. x2
You barely miss the orc. You block the orc's attack.
You hit the orc.
The orc is severely wounded.
The orc hits you but does no damage.
You slash the orc!
You kill the orc!
You start resting.
HP restored.
Found a short sword.
Enter note:
m - a scroll labelled SIESCH FEGOM You see here a +0 short sword.
Found 2 poisoned darts.
Enter note: An ogre comes into view. It is wielding a +0 giant spiked club.
Found 25 gold pieces.
Enter note:
Found a scroll labelled DATAISCHOOTU.
You see here 2 poisoned darts.
Enter note: You hit the ogre.
The ogre is moderately wounded.
The ogre completely misses you.
You barely miss the ogre.
The ogre is moderately wounded.
The ogre hits you with a +0 giant spiked club!!
Ouch! That really hurt!
You hit the ogre.
The ogre is moderately wounded.
The ogre hits you with a +0 giant spiked club!!
Ouch! That really hurt!
You die...

####..#####..)....##
###................#
...................+
###...###..........#
#...# #..#.)####..#
#...# #.##.##..##.#
#..## #.#..#)...#.#
#..# #....#..#.#
#... ##..##@## ##.#
####O.# .....
#...##. ....$ ..
...... .. ?.....#
### .....#


You could see an ogre.

Vanquished Creatures
  A scorpion (D:4)
  Jessica (D:2)
  5 adders
  3 dart slugs
  2 orcs
  8 ball pythons
  7 endoplasms
  2 giant cockroaches
  9 goblins
  6 hobgoblins
  5 jackals
  4 quokkas
  6 bats
  6 frilled lizards
  7 kobolds
  9 rats
81 creatures vanquished.

Notes
Turn   | Place    | Note
-------+----------+-------------------------------------------
     0 | D:1      | qw the Gargoyle Fighter began the quest for the Orb.
     0 | D:1      | Reached XP level 1. HP: 14/14 MP: 1/1
     0 | D:1      | 0 ||| qw: Version: 0.2-a-100-g3d2c45e
     0 | D:1      | 0 ||| qw: Game counter: 191
     0 | D:1      | 0 ||| qw: Always use a shield: true
     0 | D:1      | 0 ||| qw: God list: Okawaru
     0 | D:1      | 0 ||| qw: Allow faded altars: false
     0 | D:1      | 0 ||| qw: Do Orc after D:15 true
     0 | D:1      | 0 ||| qw: Do second Lair branch before Depths: true
     0 | D:1      | 0 ||| qw: Lair rune preference: random
     0 | D:1      | 0 ||| qw: Plans: Normal, Zot:1-4, God:TSO, Crypt, Tomb,
                  | Pan, Slime:5, Hells, Abyss, Win
     0 | D:1      | 0 ||| PLANNING D:1-11
    39 | D:1      | Reached skill level 2 in Axes
   121 | D:1      | Reached XP level 2. HP: 19/19 MP: 2/2
   149 | D:1      | 149 ||| Stepping ~*~*~tactically~*~*~ (hiding).
   442 | D:1      | 442 ||| Stepping ~*~*~tactically~*~*~ (stealth).
   443 | D:1      | 443 ||| Stepping ~*~*~tactically~*~*~ (stealth).
   444 | D:1      | 444 ||| Stepping ~*~*~tactically~*~*~ (stealth).
   445 | D:1      | 445 ||| Stepping ~*~*~tactically~*~*~ (stealth).
   446 | D:1      | 446 ||| Stepping ~*~*~tactically~*~*~ (stealth).
   505 | D:1      | Reached skill level 3 in Axes
   527 | D:1      | Reached XP level 3. HP: 23/23 MP: 3/3
   725 | D:1      | Found a faded altar of an unknown god.
  1081 | D:1      | 1081 ||| READING 2 scrolls labelled TERUTHR RETSISO.
  1086 | D:1      | 1086 ||| READING scroll labelled BUEFEJUYC.
  1087 | D:1      | 1087 ||| READING scroll labelled QUMYAF WAINTA.
  1156 | D:2      | Noticed Jessica
  1172 | D:2      | 1172 ||| FLEEEEING.
  1173 | D:2      | 1173 ||| FLEEEEING.
  1174 | D:2      | 1174 ||| FLEEEEING.
  1175 | D:2      | 1175 ||| FLEEEEING.
  1180 | D:2      | 1180 ||| FLEEEEING.
  1181 | D:2      | 1181 ||| FLEEEEING.
  1182 | D:2      | 1182 ||| FLEEEEING.
  1183 | D:2      | 1183 ||| FLEEEEING.
  1185 | D:2      | 1185 ||| FLEEEEING.
  1190 | D:2      | Killed Jessica
  1191 | D:2      | Reached XP level 4. HP: 27/28 MP: 4/4
  1236 | D:2      | 1236 ||| Stepping ~*~*~tactically~*~*~ (hiding).
  1245 | D:2      | Reached skill level 4 in Axes
  1454 | D:2      | 1454 ||| DROPPING +0 club.
  1614 | D:2      | 1614 ||| READING scroll labelled MERUAQ XOPPILE.
  1731 | D:3      | Reached XP level 5. HP: 32/32 MP: 5/5
  2141 | D:3      | 2141 ||| UPGRADING to +0 chain mail.
  2151 | D:3      | 2151 ||| DROPPING +0 scale mail.
  2152 | D:3      | 2152 ||| DROPPING ring of magical power.
  2153 | D:3      | 2153 ||| READING scroll labelled NAM DOISMYAH.
  2154 | D:3      | 2154 ||| DRINKING 3 orange potions.
  2281 | D:4      | Reached skill level 5 in Axes
  2314 | D:4      | 2314 ||| Stepping ~*~*~tactically~*~*~ (hiding).
  2532 | D:4      | Noticed an ogre
  2538 | D:4      | Mangled by an ogre

Levels and vault maps discovered:
D:1:      amcnicky_arrival_feature_with_door, layout_basic,
          shapermc_ecumenical_altar_notcrosses, minmay_misc_feat_secret_circle
D:2:      layout_rooms, uniq_jessica
D:3:      layout_basic
D:4:      layout_loops_corners, nicolae_kikubaaqudgha_miasma_corner,
          minmay_temple_entry_statues_pillars, minmay_close_crescents,
          uniq_crazy_yiuf_cottage

Skill      XL: |  1  2  3  4  5 |
---------------+----------------+-----
Axes           | 2 3 4 5 |  5.3
Fighting       | |  3.4
Armour         | |  3.2
Shields        | |  3.2

Action                     |  1- 3 |  4- 6 || total
---------------------------+-------+-------++-------
  Melee: War axe           |    84 |   116 ||   200
  Throw: Boomerang         |    25 |       ||    25
    Use: Scroll            |     3 |     2 ||     5
         Potion            |       |     1 ||     1
 Armour: Scale mail        |    49 |    31 ||    80
         Chain mail        |       |    24 ||    24
  Dodge: Dodged            |    38 |    45 ||    83
  Block: Buckler           |    20 |    13 ||    33

Table legend:
 A = Non-vault XP
 B = Vault XP
 C = Vault XP percentage of total XP
 D = Non-vault monster count
 E = Vault monster count
 F = Vault count percentage of total count
                 A         B        C        D         E       F
            +---------+---------+-------+---------+---------+-------
      Total |     267 |      41 |  13.3 |      78 |       3 |   3.7
            +---------+---------+-------+---------+---------+-------
        D:1 |      43 |       0 |   0.0 |      30 |       0 |   0.0
        D:2 |      45 |      37 |  45.1 |      17 |       1 |   5.6
        D:3 |      63 |       0 |   0.0 |      23 |       0 |   0.0
        D:4 |     116 |       4 |   3.3 |       8 |       2 |  20.0
            +---------+---------+-------+---------+---------+-------
